Map: Neon Violet Square LE

Players

Maru

  • Race: Terran Terran
  • Spawn Location: 11:00

sOs - Winner!

  • Race: Protoss Protoss
  • Spawn Location: 5:00

Event: IEM Season 12 - Katowice

VOD

Have the link to the VOD?

Description

Time

  • Played on: March 3, 2018, 10:14 a.m.
  • Length: 4:33

All games in this series

Show
View Real Time Build Order
Export as new Build Order

Maru Terran 

Build Orders: Gas First Reaper Expand, Reaper Expand 

Get SALT Encoding   

  12  0:00  SCV  
  13  0:12  SCV  
  14  0:17  Supply Depot  
  14  0:25  SCV  
  15  0:29  Refinery  
  15  0:39  SCV  
  16  0:45  Barracks  
  16  0:51  SCV  
  17  1:03  SCV  
  18  1:15  SCV  
  19  1:33  Reaper, Orbital Command  
  20  1:48  Command Center  
  20  1:58  SCV  
  21  2:02  Supply Depot  
  21  2:05  Barracks Reactor  
  21  2:10  SCV  
  22  2:21  Barracks  
  22  2:22  SCV  
  23  2:24  Refinery  
  23  2:30  Bunker  
  23  2:34  SCV  
  24  2:43  Marine  
  24  2:44  Marine  
  25  2:47  SCV  
  26  2:52  Factory  
  26  2:59  Bunker  
  26  3:01  Marine x2  
  28  3:06  Orbital Command  
  28  3:09  Marine  
  29  3:19  Marine x2  
  31  3:21  SCV  
  31  3:27  Marine  
  31  3:36  Cyclone  
  31  3:38  Marine x2  
  36  3:44  Supply Depot, Marine  
  37  3:51  Starport  
  37  3:56  Supply Depot  
  37  4:06  Marine  
  37  4:14  Marine  
Show
View Real Time Build Order
Export as new Build Order

sOs Protoss - Winner!

Build Orders: Proxy Void Ray 

Get SALT Encoding   

  12  0:00  Probe  
  13  0:12  Probe  
  14  0:18  Pylon  
  14  0:25  Probe  
  15  0:37  Gateway  
  15  0:40  Probe (Chrono Boost)  
  16  0:46  Assimilator  
  17  0:51  Probe (Chrono Boost)  
  17  0:56  Probe (Chrono Boost)  
  17  0:59  Assimilator  
  18  1:06  Probe  
  19  1:18  Probe  
  19  1:24  Cybernetics Core  
  20  1:28  Pylon  
  20  1:31  Probe  
  21  1:44  Probe  
  22  1:58  Probe, Stalker (Chrono Boost)  
  22  2:01  Stargate  
  23  2:08  Warp Gate  
  25  2:23  Shield Battery  
  25  2:28  Stalker  
  27  2:41  Void Ray (Chrono Boost)  
  27  2:49  Pylon  
  30  2:58  Shield Battery  
  30  3:02  Shield Battery  
  30  3:20  Void Ray (Chrono Boost)  
  34  3:32  Pylon  
  34  3:37  Stalker  
  36  3:52  Shield Battery  
  39  4:25  Shield Battery  

Tags
 
Add a new tag
Caveats
  • Supply blocks, unpowered buildings, or Contaminate may cause inaccurate times.
  • Supply counts are checked every 10 seconds.